 Dungeon Crawl Stone Soup version 0.31.0-12-g77e489cdc1 (webtiles) character file.

Game seed: 4063355740964318255

57 Bobsterar the Changeling (level 4, -3/29 HPs)
             Began as an Octopode Shapeshifter on Mar 7, 2024.
             Was an Initiate of Cheibriados.
             Slain by a gnoll
             ... wielding a +0 flail
              (8 damage)
             ... on level 2 of the Dungeon.
             The game lasted 00:05:52 (1392 turns).

Bobsterar the Changeling (Octopode Shapeshifter)    Turns: 1392, Time: 00:05:52

Health: -3/29      AC:  1    Str: 16    XL:     4   Next: 0%
Magic:  4/4        EV: 13    Int: 13    God:    Cheibriados [......]
Gold:   54         SH:  0    Dex: 12    Spells: 4/4 levels left

rFire   . .          .
                       - Unarmed
rCold   . . .        (no shield)
rNeg    . . .        (helmet currently unavailable)
rPois   .            (no amulet)
rElec   .            (no ring)
rCorr   .            (no ring)
SInv    .            (no ring)
Will    .....        (no ring)
Stlth   +++          (no ring)
HPRegen 0.24/turn    (no ring)
MPRegen 0.09/turn    (no ring)
                     (no ring)

%: no passive effects
@: beast-form, very slow
A: beast (slay +1), almost no armour, amphibious, 8 rings, camouflage 1,
gelatinous body 1, (nimble swimmer 1), tentacles
a: Begin Untransformation, Renounce Religion


You were on level 2 of the Dungeon.
You worshipped Cheibriados.
Cheibriados was noncommittal.
You were a hulking beast.
You visited 1 branch of the dungeon, and saw 2 of its levels.

You collected 54 gold pieces.

Inventory:

Armour
 h - a +0 robe
 k - a +0 helmet
Jewellery
 g - an amulet of faith
Talismans
 b - a beast talisman (active)
 c - a flux talisman
Wands
 n - a wand of charming (3)
Scrolls
 d - 2 scrolls of immolation {unknown}
 f - a scroll of enchant weapon {unknown}
 i - a scroll of identify {unknown}
 o - a scroll of summoning {unknown}
Potions
 a - a potion of lignification
 e - a potion of resistance {unknown}
 j - a potion of cancellation {unknown}
 l - a potion of might {unknown}
 m - 4 potions of haste {unknown}


   Skills:
 + Level 1.8 Fighting
 + Level 2.5 Dodging
 + Level 1.1 Stealth
 + Level 3.2 Unarmed Combat
 + Level 0.5 Spellcasting
 * Level 3.4 Shapeshifting


You had 4 spell levels left.
You didn't know any spells.
Your spell library contained the following spells:

 Spells                   Type           Power      Damage    Failure   Level
 Blink                    Tloc           0%         N/A       41%         2
 Lesser Beckoning         Tloc           0%         N/A       41%         2
 Momentum Strike          Conj/Tloc      0%         3d8       41%         2
 Animate Dead             Necr           0%         N/A       96%         4
 Borgnjor's Vile Clutch   Necr/Erth      0%         N/A       100%        5
 Death Channel            Necr           0%         N/A       100%        6


Dungeon Overview and Level Annotations

Branches:
Dungeon (2/15)

Altars:
Cheibriados


Innate Abilities, Weirdness & Mutations

You are a hulking beast.
Your limbs bulge with bestial killing power. (Slay +1)
You cannot wear most types of armour.
You are amphibious.
You can wear up to eight rings at the same time.
Your skin changes colour to match your surroundings (Stealth+).
Your rubbery body absorbs attacks. (AC +1, EV +1)
((You are camouflaged when in or above water. (Stealth+)))
You have tentacles for arms and can constrict up to eight enemies at once.


Message History

The gnoll is heavily wounded.
The gnoll barely misses you. The gnoll misses you.
You tentacle-slap the gnoll but do no damage.
You grab the gnoll.
The gnoll is heavily wounded.
You constrict the gnoll. The gnoll barely misses you. x2
You tentacle-slap the gnoll. You squeeze the gnoll.
The gnoll is almost dead.
You constrict the gnoll.
You kill the gnoll!
Cheibriados appreciates the change of pace.
The gnoll hits you from afar with a +0 spear!
Your Stealth skill increases to level 1!
You have reached level 4!
The gnoll barely misses you.
Things that are here:
a +0 whip; a gnoll corpse You tentacle-slap the gnoll.
Your grab misses the gnoll.
The gnoll is heavily wounded.
The gnoll hits you with a +0 spear.
You are too injured to fight recklessly!
You are too injured to fight recklessly!
You are too injured to fight recklessly!
You are too injured to fight recklessly!
You are too injured to fight recklessly!
The gnoll hits you from afar with a +0 spear.
You are too injured to fight recklessly!
You are too injured to fight recklessly!
The gnoll hits you but does no damage. The gnoll completely misses you.
Aiming: Charm
Press: ? - help, Q - select action Shift-Dir - straight line, f - gnoll
Aim: a gnoll, wielding a +0 spear (moderately wounded, chance to affect: 57%)
The gnoll is charmed.
You swap places.
You swap places.
You swap places.
The gnoll hits you with a +0 flail!
* * * LOW HITPOINT WARNING * * *
The gnoll hits you with a +0 flail!
You die...

#........# ##+####.....#......
.........# #.# #.....#......
..#....#########.#
#.....#######
..#....+......##.# #.....#
#.##...######.##.# #.....######
...)...........#.# #.#........#
#.....#######).#)#
##.#........# #.....#
#..#g###...........# #.....#
#..#hg.............# #.....#
#..#####.#.........# #.#####
#..####..#.........# #.#
####........#........## ...
#.........#.#........# #.#
#..##......#.#........#
#.###.....#........#.#.........
. .....>...........##.......
... ..........#.....#


You could see a gnoll and a friendly gnoll (charmed).

Vanquished Creatures
  A gnoll (D:2)
  2 dart slugs
  3 bats
  6 endoplasms
  2 giant cockroaches (D:2)
  2 goblins (D:2)
  3 hobgoblins (D:1)
  6 jackals
  A kobold (D:2)
  3 quokkas
  2 ball pythons
  2 frilled lizards (D:1)
  3 rats
36 creatures vanquished.

Notes
Turn   | Place    | Note
-------+----------+-------------------------------------------
     0 | D:1      | Bobsterar the Octopode Shapeshifter began the quest for the
                  | Orb.
     0 | D:1      | Reached XP level 1. HP: 13/13 MP: 1/1
   209 | D:1      | Reached XP level 2. HP: 18/18 MP: 2/2
   978 | D:2      | Reached XP level 3. HP: 23/23 MP: 3/3
  1183 | D:2      | Found a snail-covered altar of Cheibriados.
  1208 | D:2      | Became a worshipper of Cheibriados the Contemplative
  1380 | D:2      | Reached skill level 1 in Stealth
  1380 | D:2      | Reached XP level 4. HP: 17/29 MP: 4/4
  1392 | D:2      | Slain by a gnoll

Illustrated notes

Levels and vault maps discovered:
D:1:      mainiacjoe_arrival_reflecting_pool, layout_basic
D:2:      layout_basic, basic_altar, minmay_circle_x

Skill      XL: |  1  2  3 |
---------------+----------+-----
Stealth        | 1 |  1.1
Fighting       | |  1.8
Dodging        | |  2.5
Unarmed Combat | |  3.2
Spellcasting   | |  0.5
Shapeshifting  | |  3.4

Action                     |  1- 3 |  4- 6 || total
---------------------------+-------+-------++-------
  Melee: Unarmed           |    76 |     1 ||    77
         Constrict         |    16 |       ||    16
         Tentacles         |     8 |       ||     8
         Punch             |     2 |       ||     2
  Evoke: Wand              |       |     1 ||     1
   Stab: Sleeping          |     7 |       ||     7
 Armour: Skin              |    37 |     5 ||    42
  Dodge: Dodged            |    46 |     2 ||    48
   Form: Beast             |     1 |       ||     1
